 Dungeon Crawl Stone Soup version 0.28.0-53-g5a82cb258f (webtiles) character file.

Game seed: 934278001736904828

67 Gabide the Skirmisher (level 3, -2/30 HPs)
             Began as a Mummy Berserker on June 20, 2022.
             Was a Believer of Trog.
             Slain by a hornet zombie (10 damage)
             ... on level 3 of the Dungeon.
             The game lasted 00:04:52 (2338 turns).

Gabide the Skirmisher (Mummy Berserker)             Turns: 2338, Time: 00:04:53

Health: -2/30      AC:  5    Str: 22    XL:     3   Next: 98%
Magic:  3/3        EV: 11    Int:  6    God:    Trog [**....]
Gold:   98         SH:  0    Dex: 11    Spells: 2/2 levels left

rFire   x . .      SeeInvis .     - Unarmed
rCold   + . .      Faith    .   (no shield)
rNeg    + + +      Spirit   .   c - +0 ring mail
rPois   ∞          Reflect  .   (no helmet)
rElec   .          Harm     .   (no cloak)
rCorr   .          Rampage  .   (no gloves)
Will    ++...                   (no boots)
Stlth   +.........              (no amulet)
HPRegen 1.10/turn               (no ring)
MPRegen 0.08/turn               (no ring)

@: strong-willed, regenerating
A: cold resistance 1, negative energy resistance 3, torment resistance 2, heat
vulnerability 1, no potions
a: Renounce Religion, Trog's Hand


You were on level 3 of the Dungeon.
You worshipped Trog.
Trog was pleased with you.
You visited 1 branch of the dungeon, and saw 3 of its levels.

You collected 98 gold pieces.

Inventory:

Armour
 c - a +0 ring mail (worn)
Jewellery
 b - a ring of ice
Scrolls
 a - 2 scrolls of noise
 d - 3 scrolls of identify
 e - a scroll of teleportation {unknown}


   Skills:
 + Level 4.0 Fighting
 - Level 1.5 Armour
 - Level 1.5 Dodging
 + Level 3.3 Unarmed Combat


You had 2 spell levels left.
You didn't know any spells.
Your spell library was empty.

Dungeon Overview and Level Annotations

Branches:
Dungeon (3/15)

Altars:


Innate Abilities, Weirdness & Mutations

You are immune to poison.
Your flesh is cold resistant. (rC+)
You are immune to negative energy. (rN+++)
You are immune to unholy pain and torment.
You are vulnerable to heat. (rF-)
You do not drink.


Message History

The hobgoblin is severely wounded.
The hobgoblin hits you but does no damage.
A hornet zombie comes into view.
You punch the hobgoblin!
You kill the hobgoblin!
Trog accepts your kill.
You hit the hornet zombie. Your punch misses the hornet zombie.
The hornet zombie is lightly damaged.
The hornet zombie barely misses you.
You hit the hornet zombie.
The hornet zombie is lightly damaged.
The hornet zombie barely misses you.
You barely miss the hornet zombie.
The hornet zombie is lightly damaged.
The hornet zombie hits you but does no damage.
The hornet zombie barely misses you.
You closely miss the hornet zombie. Your punch misses the hornet zombie.
The hornet zombie is lightly damaged.
The hornet zombie hits you but does no damage.
You barely miss the hornet zombie.
The hornet zombie is lightly damaged.
The hornet zombie hits you but does no damage.
You hit the hornet zombie.
The hornet zombie is lightly damaged.
The hornet zombie closely misses you.
You hit the hornet zombie.
The hornet zombie is lightly damaged.
The hornet zombie hits you! The hornet zombie hits you.
You hit the hornet zombie but do no damage.
The hornet zombie is lightly damaged.
The hornet zombie hits you!
* * * LOW HITPOINT WARNING * * *
You are too injured to fight recklessly!
You are too injured to fight recklessly!
A hornet zombie is nearby!
Okay, then.
Your skin crawls.
You feel strong-willed. The hornet zombie hits you!
You die...

#.#.........#
####...........#
#..............#
#..............#
#..............#
##....#.#######.# #
#.....#.## #.#
#.##.....#..# ####)#
#.Z@.##+###.###.....
####....# #...#.##.#
#.######...#.##.#
.......#......#..
##..#....#.####.#
###..#..###..# #..
..####.....#.# #..
#.#....###.#.# #..
####)#.##.....#.###.#


You could see a hornet zombie.

Vanquished Creatures
  An adder (D:2)
  2 worms (D:2)
  A dart slug (D:1)
  2 bats (D:1)
  6 endoplasms
  3 giant cockroaches
  6 hobgoblins
  2 kobolds (D:1)
  2 quokkas (D:1)
  5 ball pythons
  4 frilled lizards
  5 goblins
  7 rats (D:1)
46 creatures vanquished.

Notes
Turn   | Place    | Note
-------+----------+-------------------------------------------
     0 | D:1      | Gabide the Mummy Berserker began the quest for the Orb.
     0 | D:1      | Reached XP level 1. HP: 18/18 MP: 1/1
   303 | D:1      | Reached XP level 2. HP: 21/24 MP: 2/2
   692 | D:1      | Reached ** piety under Trog
   708 | D:1      | Reached XP level 3. HP: 18/29 MP: 3/3
  2088 | D:2      | Reached skill level 4 in Fighting
  2338 | D:3      | Slain by a hornet zombie

Illustrated notes

Levels and vault maps discovered:
D:1:      minmay_arrival_plants_in_alcoves, layout_loops_cross
D:2:      layout_basic, minmay_strange_pillars, due_unseen_surprise
D:3:      layout_basic, shapermc_ecumenical_altar_mp_vishouse

Skill      XL: |  1  2  3 |
---------------+----------+-----
Unarmed Combat | 3 |  3.3
Fighting       | 4 |  4.0
Armour         | |  1.5
Dodging        | |  1.5

Action                   || total
-------------------------++-------
Melee: Unarmed           ||   178
       Punch             ||     8
Invok: Trog's Hand       ||     1
  Use: Scroll            ||     1
Armor: Animal skin       ||     6
       Ring mail         ||    52
Dodge: Dodged            ||    96
